 Dungeon Crawl Stone Soup version 0.21.1-1-g345015f (webtiles) character file.

2506 Mgcat the Insei (level 9, -4/68 HPs)
             Began as a Gnoll Transmuter on Mar 21, 2018.
             Was a Priest of Okawaru.
             Shot with an arrow by a centaur (12 damage)
             ... on level 9 of the Dungeon.
             The game lasted 00:16:47 (4613 turns).

Mgcat the Insei (Gnoll Transmuter)                  Turns: 4613, Time: 00:16:48

Health: -4/68      AC:  2    Str: 14    XL:     9   Next: 53%
Magic:  17/19      EV: 26    Int: 16    God:    Okawaru [***...]
Gold:   368        SH:  4    Dex: 22    Spells: 15/21 levels left

rFire    x . .     SeeInvis .     - Unarmed
rCold    + . .     Gourm    .   (shield currently unavailable)
rNeg     . . .     Faith    .   (armour currently unavailable)
rPois    x         Spirit   .   (helmet currently unavailable)
rElec    .         Reflect  +   (cloak currently unavailable)
rCorr    .         Harm     .   (gloves currently unavailable)
MR       .....                  (boots currently unavailable)
Stlth    +++.......             w - +4 amulet of reflection
HPRegen  0.21/turn              k - ring of ice {rC+, rF-}
MPRegen  0.16/turn              (no ring)

@: spider-form
A: tiny, distributed training, strong nose
a: End Transformation, Heroism, Renounce Religion


You were on level 9 of the Dungeon.
You worshipped Okawaru.
Okawaru was most pleased with you.
You were not hungry.
You were a venomous arachnid creature.
You visited 2 branches of the dungeon, and saw 10 of its levels.
You also visited: Sewer.

You collected 368 gold pieces.

Inventory:

Missiles
 a - 62 arrows
Armour
 b - a +0 robe
 p - a +2 robe of magic resistance (melded)
   (You found it on level 3 of the Dungeon)
Jewellery
 g - an uncursed amulet of the gourmand {Gourm, !d}
   (You found it on level 2 of the Dungeon)
 k - a ring of ice (left front leg) {rC+, rF-}
   (You found it on level 2 of the Dungeon)
 w - a +4 amulet of reflection (around neck)
   (You found it on level 4 of the Dungeon)
 z - an uncursed amulet of regeneration {unknown}
   (You found it on level 6 of the Dungeon)
Wands
 n - a wand of scattershot (4)
   (You found it on level 3 of the Dungeon)
 y - a wand of disintegration (11)
   (You found it on level 5 of the Dungeon)
Scrolls
 e - 4 scrolls of identify
 h - a scroll of amnesia {unknown}
 j - a scroll of enchant weapon
Potions
 f - a potion of cancellation {unknown}
 i - a potion of resistance {unknown}
 m - a potion of magic
 o - 3 potions of flight
 q - 2 potions of degeneration {!q}
 r - a potion of invisibility {unknown}
 s - a potion of agility {unknown}
 t - 3 potions of mutation {!q}
 u - 2 potions of curing
Books
 c - a book of Changes
Comestibles
 d - 15 rations


   Skills:
 + Level 5.0 Fighting
 + Level 4.2 Short Blades
 + Level 4.2 Long Blades
 + Level 4.2 Axes
 + Level 4.2 Maces & Flails
 + Level 4.2 Polearms
 + Level 4.2 Staves
 + Level 4.2 Slings
 + Level 4.2 Bows
 + Level 4.2 Crossbows
 + Level 4.2 Throwing
 + Level 4.2 Armour
 + Level 6.3 Dodging
 + Level 4.2 Stealth
 + Level 4.2 Shields
 + Level 7.9 Unarmed Combat
 + Level 6.6 Spellcasting
 + Level 3.5 Conjurations
 + Level 3.5 Hexes
 + Level 3.5 Charms
 + Level 3.5 Summonings
 + Level 3.5 Necromancy
 + Level 3.5 Translocations
 + Level 5.2 Transmutations
 + Level 3.5 Fire Magic
 + Level 3.5 Ice Magic
 + Level 3.5 Air Magic
 + Level 3.5 Earth Magic
 + Level 3.5 Poison Magic
 + Level 4.7 Invocations
 + Level 4.2 Evocations


You had 15 spell levels left.
You knew the following spells:

 Your Spells              Type           Power        Failure   Level  Hunger
a - Beastly Appendage     Tmut           ###...       7%          1    None
b - Sticks to Snakes      Tmut           ###.....     9%          2    None
c - Spider Form           Tmut/Pois      ###.......   17%         3    ##.....


Dungeon Overview and Level Annotations

Branches:
Dungeon (9/15)             Temple (1/1) D:5
   Lair: D:8-11         Orc: D:9-12

Altars:
Dithmenos
Fedhas
Gozag
Makhleb
Nemelex Xobeh
Okawaru
Qazlal
Sif Muna
Vehumet
Zin
The Shining One


Innate Abilities, Weirdness & Mutations

Your experience applies equally to all skills.
((You have very sharp teeth.))
Your uncanny sense of smell can sniff out nearby items.


Message History

You feel less resistant to hostile enchantments.
The hound barks!
You see here a scroll of identify.
The hound bites you. The hound completely misses you.
You hit the hound.
The hound is poisoned.
The hound is lightly wounded.
The hound completely misses you.
You bite the hound!
You kill the hound!
Okawaru accepts your kill.
No target in view!
No target in view!
No target in view!
e - 3 scrolls of identify (gained 1)
You butcher the hound corpse.
l - a chunk of flesh {@w0} Eating a chunk of flesh {@w0}.
You eat the chunk of flesh {@w0}.
This raw flesh tastes terrible.
e - 4 scrolls of identify (gained 1)
Your transformation is almost over.
a - 62 arrows (gained 15) HP restored.
d - 14 rations (gained 1)
Your transformation has ended.
Your +2 robe of magic resistance unmelds from your body.
You feel resistant to hostile enchantments.
You now have 368 gold pieces (gained 14).
You open the door.
There is an open door here.
You open the door.
There is an open door here.
u - 2 potions of curing (gained 1)
You open the door.
There is an open door here.
You open the door.
There is an open door here.
You enter a teleport trap!
The teleport trap disappears.
Your surroundings suddenly seem different.
You open the door.
There is an open door here.
You see here a leather armour.
You see here a leather armour.
There is a stone staircase leading up here.
There is an open door here.
You open the door.
There is an open door here.
d - 15 rations (gained 1)
Found an escape hatch in the ceiling.
You open the door.
Found an escape hatch in the floor.
There is an open door here.
Found a stone staircase leading up.
A centaur comes into view.
Casting: Spider Form
Confirm with . or Enter, or press ? or * to list all spells.
You turn into a venomous arachnid creature.
Your +2 robe of magic resistance melds into your body.
You feel less resistant to hostile enchantments.
The centaur shouts!
The centaur wields a shortbow.
The centaur shoots an arrow.
The arrow barely misses you.
A black bear comes into view.
The centaur shoots an arrow.
You reflect the arrow off an invisible shield around you!
The arrow hits the centaur.
The centaur shoots an arrow.
The arrow completely misses you.
You see here a ration.
The centaur shoots an arrow.
The arrow hits you!
The centaur shoots an arrow.
The arrow misses you. The black bear bites you.
The black bear completely misses you. The black bear claws you.
The centaur shoots an arrow.
The arrow hits you!
You see here an arrow.
You barely miss the black bear.
The centaur shoots an arrow.
The arrow misses you. The black bear misses you.
The black bear barely misses you. The black bear claws you.
You hit the black bear.
The black bear is lightly wounded.
The centaur shoots an arrow.
The arrow misses you. The black bear misses you.
The black bear closely misses you. The black bear completely misses you.
You hit the black bear but do no damage.
The black bear is poisoned.
The black bear is lightly wounded.
The centaur shoots an arrow.
The arrow barely misses you. You block the black bear's attack.
The black bear completely misses you.
The black bear claws you but does no damage.
You hit the black bear.
The black bear looks as sick as possible!
The black bear is lightly wounded.
The centaur shoots an arrow.
The arrow closely misses you.
You hit the black bear.
The black bear looks as sick as possible!
The black bear is severely wounded.
The centaur shoots an arrow.
The arrow hits you!
* * * LOW HITPOINT WARNING * * *
The black bear bites you!
* * * LOW HITPOINT WARNING * * *
You block the black bear's attack. The black bear claws you.
* * * LOW HITPOINT WARNING * * *
The centaur shoots an arrow.
The arrow hits you!
You die...

### .##########.#
............########
...................#
....(c.............#
...................#####
......hs........?.[.....
..........%.............
...........(....<.......
..........(##########...
..#######+## #... # #...
#... #... #...


You could see a black bear and a centaur.

Vanquished Creatures
  An ice beast (D:6)
  2 sky beasts
  Purgy (Sewer)
  An eye of draining (D:8)
  2 orc warriors
  5 ogres
  4 big kobolds
  4 bullfrogs
  4 killer bees (D:8)
  A jelly (D:7)
  2 orc priests
  2 hounds
  8 orc wizards
  Ijyb (D:2)
  2 worker ants
  A worker ant zombie (D:8)
  7 gnolls (D:5)
  4 adders
  A river rat (D:3)
  An ooze (D:1)
  3 worms
  2 dart slugs
  A leopard gecko (D:7)
  23 orcs
  6 bats
  4 giant cockroaches
  28 goblins
  26 hobgoblins
  9 jackals
  12 kobolds
  3 quokkas
  A ball python (D:3)
  6 frilled lizards
  9 rats
187 creatures vanquished.

Vanquished Creatures (others)
  2 goblins (D:5)
  A hobgoblin (D:5)
3 creatures vanquished.

Grand Total: 190 creatures vanquished

Notes
Turn   | Place    | Note
-------+----------+-------------------------------------------
     0 | D:1      | Mgcat the Gnoll Transmuter began the quest for the Orb.
     0 | D:1      | Reached XP level 1. HP: 17/17 MP: 6/6
   159 | D:1      | Reached XP level 2. HP: 17/23 MP: 5/7
   447 | D:2      | Reached XP level 3. HP: 21/28 MP: 7/9
   481 | D:2      | Reached skill level 5 in Spellcasting
   688 | D:2      | Reached skill level 1 in Invocations
   780 | D:3      | Noticed Ijyb
   786 | D:2      | Learned a level 2 spell: Sticks to Snakes
   790 | D:2      | Learned a level 3 spell: Spider Form
   800 | D:2      | Killed Ijyb
   800 | D:2      | Reached skill level 1 in Short Blades
   800 | D:2      | Reached skill level 1 in Long Blades
   800 | D:2      | Reached skill level 1 in Axes
   800 | D:2      | Reached skill level 1 in Maces & Flails
   800 | D:2      | Reached skill level 1 in Polearms
   800 | D:2      | Reached skill level 1 in Staves
   800 | D:2      | Reached skill level 1 in Slings
   800 | D:2      | Reached skill level 1 in Bows
   800 | D:2      | Reached skill level 1 in Crossbows
   800 | D:2      | Reached skill level 1 in Throwing
   800 | D:2      | Reached skill level 1 in Armour
   800 | D:2      | Reached skill level 1 in Stealth
   800 | D:2      | Reached skill level 1 in Shields
   800 | D:2      | Reached skill level 1 in Evocations
   800 | D:2      | Reached XP level 4. HP: 31/34 MP: 8/11
  1073 | D:3      | Reached skill level 1 in Conjurations
  1073 | D:3      | Reached skill level 1 in Hexes
  1073 | D:3      | Reached skill level 1 in Charms
  1073 | D:3      | Reached skill level 1 in Summonings
  1073 | D:3      | Reached skill level 1 in Necromancy
  1073 | D:3      | Reached skill level 1 in Translocations
  1073 | D:3      | Reached skill level 1 in Fire Magic
  1073 | D:3      | Reached skill level 1 in Ice Magic
  1073 | D:3      | Reached skill level 1 in Air Magic
  1073 | D:3      | Reached skill level 1 in Earth Magic
  1073 | D:3      | Reached skill level 1 in Poison Magic
  1122 | D:3      | Found a glowing drain.
  1145 | Sewer    | Entered a sewer
  1216 | Sewer    | Noticed Purgy
  1224 | Sewer    | Killed Purgy
  1224 | Sewer    | Reached skill level 3 in Fighting
  1224 | Sewer    | Reached skill level 4 in Transmutations
  1224 | Sewer    | Reached XP level 5. HP: 18/41 MP: 6/12
  1249 | Sewer    | Noticed a big kobold
  1257 | Sewer    | Killed a big kobold
  1257 | Sewer    | Reached skill level 2 in Invocations
  1257 | Sewer    | Reached XP level 6. HP: 19/47 MP: 8/13
  1700 | D:5      | Entered Level 5 of the Dungeon
  1700 | D:5      | Found a staircase to the Ecumenical Temple.
  1710 | Temple   | Entered the Ecumenical Temple
  1727 | Temple   | Became a worshipper of Warmaster Okawaru
  1899 | D:5      | Reached skill level 2 in Short Blades
  1899 | D:5      | Reached skill level 2 in Long Blades
  1899 | D:5      | Reached skill level 2 in Axes
  1899 | D:5      | Reached skill level 2 in Maces & Flails
  1899 | D:5      | Reached skill level 2 in Polearms
  1899 | D:5      | Reached skill level 2 in Staves
  1899 | D:5      | Reached skill level 2 in Slings
  1899 | D:5      | Reached skill level 2 in Bows
  1899 | D:5      | Reached skill level 2 in Crossbows
  1899 | D:5      | Reached skill level 2 in Throwing
  1899 | D:5      | Reached skill level 2 in Armour
  1899 | D:5      | Reached skill level 5 in Dodging
  1899 | D:5      | Reached skill level 2 in Stealth
  1899 | D:5      | Reached skill level 2 in Shields
  1899 | D:5      | Reached skill level 2 in Evocations
  2022 | D:5      | Reached XP level 7. HP: 47/52 MP: 2/15
  2044 | D:5      | Reached skill level 7 in Unarmed Combat
  2050 | D:5      | Reached * piety under Okawaru
  2050 | D:5      | Reached skill level 2 in Conjurations
  2050 | D:5      | Reached skill level 2 in Hexes
  2050 | D:5      | Reached skill level 2 in Charms
  2050 | D:5      | Reached skill level 2 in Summonings
  2050 | D:5      | Reached skill level 2 in Necromancy
  2050 | D:5      | Reached skill level 2 in Translocations
  2050 | D:5      | Reached skill level 2 in Fire Magic
  2050 | D:5      | Reached skill level 2 in Ice Magic
  2050 | D:5      | Reached skill level 2 in Air Magic
  2050 | D:5      | Reached skill level 2 in Earth Magic
  2050 | D:5      | Reached skill level 2 in Poison Magic
  2353 | D:5      | HP: 13/53 [hobgoblin/club (4)]
  2359 | D:5      | HP: 11/53 [hobgoblin/club (3)]
  2369 | D:5      | HP: 2/53 [hobgoblin/club (5)]
  2709 | D:6      | Found a sparkling altar of Nemelex Xobeh.
  2717 | D:6      | Reached skill level 3 in Invocations
  2737 | D:6      | Reached XP level 8. HP: 56/60 MP: 16/16
  2766 | D:6      | Noticed an air elemental
  2772 | D:6      | Found a stormy altar of Qazlal.
  2773 | D:6      | Noticed a water elemental
  2850 | D:6      | Reached skill level 4 in Fighting
  2850 | D:6      | Reached skill level 3 in Short Blades
  2850 | D:6      | Reached skill level 3 in Long Blades
  2850 | D:6      | Reached skill level 3 in Axes
  2850 | D:6      | Reached skill level 3 in Maces & Flails
  2850 | D:6      | Reached skill level 3 in Polearms
  2850 | D:6      | Reached skill level 3 in Staves
  2850 | D:6      | Reached skill level 3 in Slings
  2850 | D:6      | Reached skill level 3 in Bows
  2850 | D:6      | Reached skill level 3 in Crossbows
  2850 | D:6      | Reached skill level 3 in Throwing
  2850 | D:6      | Reached skill level 3 in Armour
  2850 | D:6      | Reached skill level 3 in Stealth
  2850 | D:6      | Reached skill level 3 in Shields
  2850 | D:6      | Reached skill level 3 in Evocations
  3010 | D:6      | Reached skill level 6 in Spellcasting
  3112 | D:6      | Reached ** piety under Okawaru
  3405 | D:7      | Reached skill level 3 in Conjurations
  3405 | D:7      | Reached skill level 3 in Hexes
  3405 | D:7      | Reached skill level 3 in Charms
  3405 | D:7      | Reached skill level 3 in Summonings
  3405 | D:7      | Reached skill level 3 in Necromancy
  3405 | D:7      | Reached skill level 3 in Translocations
  3405 | D:7      | Reached skill level 3 in Fire Magic
  3405 | D:7      | Reached skill level 3 in Ice Magic
  3405 | D:7      | Reached skill level 3 in Air Magic
  3405 | D:7      | Reached skill level 3 in Earth Magic
  3405 | D:7      | Reached skill level 3 in Poison Magic
  3405 | D:7      | Reached skill level 4 in Invocations
  3556 | D:7      | Reached skill level 6 in Dodging
  3556 | D:7      | Reached XP level 9. HP: 65/66 MP: 13/18
  3637 | D:8      | Reached skill level 5 in Transmutations
  3913 | D:8      | Reached skill level 4 in Short Blades
  3913 | D:8      | Reached skill level 4 in Long Blades
  3913 | D:8      | Reached skill level 4 in Axes
  3913 | D:8      | Reached skill level 4 in Maces & Flails
  3913 | D:8      | Reached skill level 4 in Polearms
  3913 | D:8      | Reached skill level 4 in Staves
  3913 | D:8      | Reached skill level 4 in Slings
  3913 | D:8      | Reached skill level 4 in Bows
  3913 | D:8      | Reached skill level 4 in Crossbows
  3913 | D:8      | Reached skill level 4 in Throwing
  3913 | D:8      | Reached skill level 4 in Armour
  3913 | D:8      | Reached skill level 4 in Stealth
  3913 | D:8      | Reached skill level 4 in Shields
  3913 | D:8      | Reached skill level 4 in Evocations
  3916 | D:8      | Reached *** piety under Okawaru
  4053 | D:8      | Received a gift from Okawaru
  4076 | D:8      | Reached skill level 5 in Fighting
  4613 | D:9      | HP: 11/68 [black bear (8)]
  4613 | D:9      | Shot with an arrow by a centaur

Skill      XL: |  1  2  3  4  5  6  7  8  9 |
---------------+----------------------------+-----
Spellcasting   | 5 6 |  6.6
Invocations    | 1 2 3 4 |  4.7
Short Blades   | 1 2 3 4 |  4.2
Long Blades    | 1 2 3 4 |  4.2
Axes           | 1 2 3 4 |  4.2
Maces & Flails | 1 2 3 4 |  4.2
Polearms       | 1 2 3 4 |  4.2
Staves         | 1 2 3 4 |  4.2
Slings         | 1 2 3 4 |  4.2
Bows           | 1 2 3 4 |  4.2
Crossbows      | 1 2 3 4 |  4.2
Throwing       | 1 2 3 4 |  4.2
Armour         | 1 2 3 4 |  4.2
Stealth        | 1 2 3 4 |  4.2
Shields        | 1 2 3 4 |  4.2
Evocations     | 1 2 3 4 |  4.2
Conjurations   | 1 2 3 |  3.5
Hexes          | 1 2 3 |  3.5
Charms         | 1 2 3 |  3.5
Summonings     | 1 2 3 |  3.5
Necromancy     | 1 2 3 |  3.5
Translocations | 1 2 3 |  3.5
Fire Magic     | 1 2 3 |  3.5
Ice Magic      | 1 2 3 |  3.5
Air Magic      | 1 2 3 |  3.5
Earth Magic    | 1 2 3 |  3.5
Poison Magic   | 1 2 3 |  3.5
Fighting       | 3 4 5 |  5.0
Transmutations | 4 5 |  5.2
Dodging        | 5 6 |  6.3
Unarmed Combat | 7 |  7.9

Action                   |  1- 3 |  4- 6 |  7- 9 || total
-------------------------+-------+-------+-------++-------
Melee: Unarmed           |    61 |   123 |   278 ||   462
       Kick              |     3 |     5 |     1 ||     9
       Bite              |     3 |     4 |     2 ||     9
       Headbutt          |     4 |     1 |       ||     5
       Punch             |       |     3 |       ||     3
 Cast: Beastly Appendage |    14 |    12 |     1 ||    27
       Spider Form       |     1 |     6 |    34 ||    41
       Sticks to Snakes  |       |     1 |     1 ||     2
  Use: Scroll            |       |     1 |    11 ||    12
 Stab: Sleeping          |     2 |     3 |     7 ||    12
  Eat: Chunk             |     7 |    10 |     4 ||    21
Armor: Robe              |     6 |     7 |     1 ||    14
       Skin              |       |     4 |     8 ||    12
Dodge: Dodged            |    39 |   111 |   292 ||   442
Block: Other             |       |    11 |    49 ||    60
       Reflection        |       |     4 |     6 ||    10

Vault maps used:
D:1:      dpeg_arrival_snail, corexii_hall_statues_u
D:2:      nicolae_overflow_hidden_temple, first_ration
D:3:      portal_sewer_entry_b, uniq_ijyb
D:4:      uniq_duvessa
D:5:      minmay_goblin_kobold_castle, minmay_temple_entry_water_ring,
          hangedman_abyss_or_decor_stabs
D:6:      nicolae_qazlal_style_of_elements, nemelex_xobeh_ov_fountains_minmay
D:7:      gammafunk_temple_overflow_pools, the_bakery
D:8:      hangedman_decor_opposing
D:9:      old_forge, minmay_orc_entry_temple_small
Temple:   eino_narrow_crystal_temple
Sewer:    kennysheep_door_sewer

Table legend:
 A = Turns spent in this place as a percentage of turns spent in the entire game.
 B = Non-inter-level travel turns spent in this place as a percentage of non-inter-level travel turns spent in the entire game.
 C = Inter-level travel turns spent in this place as a percentage of turns spent in this place.
 D = Turns resting spent in this place as a percentage of non-inter-level travel turns spent in this place.
 E = Turns spent auto-exploring this place as a percentage of non-inter-level travel turns spent in this place.
 F = Non-inter-level travel turns spent in this place divided by the number of levels of this place that you've seen.
                   A       B       C       D       E      F
               +-------+-------+-------+-------+-------+----------------------
         Total | 100.0 | 100.0 |   0.6 |   0.0 |  61.7 | 416.8
       Dungeon |  93.9 |  93.8 |   0.6 |   0.0 |  63.8 | 478.1
        Temple |   0.7 |   0.7 |   0.0 |   0.0 |   0.0 |  33.0
         Sewer |   5.4 |   5.4 |   0.0 |   0.0 |  33.3 | 249.0
               +-------+-------+-------+-------+-------+----------------------

Table legend:
 A = Kills in this place as a percentage of kills in entire the game.
 B = Kills by you in this place as a percentage of kills by you in the entire game.
 C = Kills by friends in this place as a percentage of kills by friends in the entire game.
 D = Other kills in this place as a percentage of other kills in the entire game.
 E = Experience gained in this place as a percentage of experience gained in the entire game.
 F = Experience gained in this place divided by the number of levels of this place that you have seen.
                   A       B       C       D       E      F
               +-------+-------+-------+-------+-------+----------------------
         Total | 100.0 | 100.0 |   N/A | 100.0 | 100.0 | 325.5
       Dungeon |  96.8 |  96.8 |   N/A | 100.0 |  93.5 | 371.9
         Sewer |   3.2 |   3.2 |   N/A |   0.0 |   6.5 | 233.0
               +-------+-------+-------+-------+-------+----------------------
